 Dungeon Crawl Stone Soup version 0.28.0-43-g3370ac3207 (webtiles) character file.

Game seed: 12186843552172782945

169 Descartes the Grasshopper (level 5, -2/49 HPs)
             Began as a Troll Warper on Mar 1, 2022.
             Splashed by a jelly's acid (7 damage)
             ... on level 4 of the Dungeon.
             The game lasted 00:08:07 (2585 turns).

Descartes the Grasshopper (Troll Warper)            Turns: 2585, Time: 00:08:08

Health: -2/49      AC: -7    Str: 19    XL:     5   Next: 25%
Magic:  6/6        EV: 10    Int: 11    God:
Gold:   77         SH:  0    Dex:  9    Spells: 7/7 levels left

rFire   . . .      SeeInvis .     - Unarmed
rCold   . . .      Faith    .   (no shield)
rNeg    . . .      Spirit   .   a - +0 robe
rPois   .          Reflect  .   (helmet restricted)
rElec   .          Harm     .   g - +0 cloak
rCorr   .          Rampage  .   (gloves unavailable)
Will    .....                   (boots unavailable)
Stlth   +.........              (no amulet)
HPRegen 0.96/turn               (no ring)
MPRegen 0.10/turn               (no ring)

@: corroded
A: large, unfitting armour, claws 3, regeneration 1, shaggy fur 1, tough skin 1
a: no special abilities


You were on level 4 of the Dungeon.
You visited 1 branch of the dungeon, and saw 4 of its levels.

You collected 77 gold pieces.

Inventory:

Missiles
 c - 5 boomerangs of dispersal (quivered)
 d - 6 poisoned darts
 k - 71 stones
 l - 24 sling bullets
 r - 2 boomerangs
Armour
 a - a +0 robe (worn)
 g - a +0 cloak (worn)
Jewellery
 p - an amulet of magic regeneration
Wands
 u - a wand of flame (18)
Scrolls
 b - 2 scrolls of blinking
 e - a scroll of summoning {unknown}
 h - a scroll of immolation {unknown}
 i - a scroll of fog {unknown}
 m - a scroll of magic mapping {unknown}
 o - a scroll of enchant armour {unknown}
 s - a scroll of enchant weapon {unknown}
 t - 3 scrolls of fear {unknown}
 v - a scroll of identify {unknown}
Potions
 f - a potion of curing {unknown}
 j - a potion of lignification {unknown}
 n - a potion of invisibility {unknown}
 q - a potion of heal wounds {unknown}


   Skills:
 + Level 2.3 Fighting
 + Level 2.1 Throwing
 + Level 2.5 Dodging
 + Level 2.6 Unarmed Combat
 + Level 1.7 Spellcasting
 + Level 2.7 Translocations


You had 7 spell levels left.
You didn't know any spells.
Your spell library contained the following spells:

 Spells                   Type           Power      Damage    Failure   Level
 Blink                    Tloc           14%        N/A       14%         2
 Gell's Gravitas          Tloc           7%         N/A       28%         3
 Lesser Beckoning         Tloc           7%         N/A       28%         3
 Teleport Other           Tloc           7%         N/A       28%         3
 Corpse Rot               Necr/Air       0%         N/A       41%         2
 Poisonous Vapours        Pois/Air       0%         N/A       41%         2
 Scorch                   Fire           0%         2d5       41%         2
 Ozocubu's Armour         Ice            0%         N/A       65%         3
 Iskenderun's Mystic Bla  Conj/Tloc      4%         2d3       86%         4
 Manifold Assault         Tloc           7%         N/A       95%         5
 Flame Wave               Conj/Fire      0%         2d4       96%         4
 Metabolic Englaciation   Hex/Ice        0%         N/A       100%        5
 Summon Cactus Giant      Summ           0%         N/A       100%        6


Dungeon Overview and Level Annotations

Branches:
Dungeon (4/15)
 Temple: D:4-7

Altars:


Innate Abilities, Weirdness & Mutations

You are too large for most types of armour.
You have claws for hands.
Your natural rate of healing is unusually fast.
You are covered in fur. (AC +1)
You have tough skin. (AC +1)


Message History

The hound is severely wounded.
The hound bites you. The hound barely misses you.
You scratch the hound.
The hound is almost dead.
The hound bites you.
You barely miss the hound.
The hound is almost dead.
The hound pauses to sniff the ground.
The hound bites you. The hound barely misses you.
You scratch the hound.
You kill the hound!
v - a scroll labelled RUNAMM RUINEDD
There is a stone staircase leading up here.
Found a leather armour.
Found a stone staircase leading up.
A jelly comes into view.
The jelly hits you. The acid corrodes you!
You are splashed with acid!
You claw the jelly! The acid corrodes you!
Your claws burn!
The jelly is severely wounded.
The jelly hits you.
You are splashed with acid.
You scratch the jelly but do no damage. The acid corrodes you!
Your claws burn!
The jelly is severely wounded.
The jelly hits you. The acid corrodes you!
You are splashed with acid!
* * * LOW HITPOINT WARNING * * *
You are too injured to fight recklessly!
You are too injured to fight recklessly!
You are too injured to fight recklessly!
You are too injured to fight recklessly!
You are too injured to fight recklessly!
You are too injured to fight recklessly!
You are too injured to fight recklessly!
You are too injured to fight recklessly!
You are too injured to fight recklessly!
A jelly is nearby!
You scratch the jelly but do no damage.
Your claws burn!
* * * LOW HITPOINT WARNING * * *
The jelly is severely wounded.
The jelly hits you.
* * * LOW HITPOINT WARNING * * *
You are splashed with acid!
You die...

######....## #....##.#.
#.....####.........
###.#........รท....#..
#...##............##.
####.######..........###
........# #.............
........# #..........###
......J.# #..........#
.......@# #..........#
....<$..####.#..######
....[....###.#.##
...............####
....#####.........# ...#
#.........# ...
#......#.[##### ..
#.............##
#####..........#


You could see a jelly.

Vanquished Creatures
  A hound (D:4)
  Jessica (D:2)
  4 adders
  2 worms
  A dart slug (D:3)
  An orc (D:3)
  6 endoplasms
  5 giant cockroaches
  2 goblins (D:1)
  3 hobgoblins
  5 jackals
  3 quokkas (D:1)
  7 ball pythons
  7 bats
  5 frilled lizards
  7 kobolds
  7 rats
67 creatures vanquished.

Notes
Turn   | Place    | Note
-------+----------+-------------------------------------------
     0 | D:1      | Descartes the Troll Warper began the quest for the Orb.
     0 | D:1      | Reached XP level 1. HP: 19/19 MP: 1/1
    59 | D:1      | Reached skill level 1 in Throwing
   173 | D:1      | Reached XP level 2. HP: 28/28 MP: 2/2
   577 | D:1      | Reached XP level 3. HP: 35/35 MP: 4/4
  1012 | D:2      | Noticed Jessica
  1026 | D:2      | Killed Jessica
  1079 | D:2      | Reached XP level 4. HP: 39/42 MP: 5/5
  1358 | D:2      | Found a faded altar of an unknown god.
  1376 | D:2      | Found a faded altar of an unknown god.
  1634 | D:3      | Got Vaskin's Collected Works on Ice and Translocation
  2479 | D:4      | Reached XP level 5. HP: 49/49 MP: 6/6
  2585 | D:4      | Splashed by a jelly's acid

Illustrated notes

Levels and vault maps discovered:
D:1:      erik_arrival_blinker_ship, layout_basic
D:2:      layout_rooms, hellmonk_ecumenical_altar_the_god_not_taken,
          minmay_misc_feat_hallway, corexii_leaking_fountain,
          uniq_crazy_yiuf_cottage, uniq_jessica
D:3:      layout_basic, minmay_crystal_water
D:4:      layout_rooms

Skill      XL: |  1  2  3  4 |
---------------+-------------+-----
Dodging        | 2 |  2.5
Throwing       | 1 2 |  2.1
Fighting       | 2 |  2.3
Unarmed Combat | |  2.6
Spellcasting   | |  1.7
Translocations | |  2.7

Action                   |  1- 3 |  4- 6 || total
-------------------------+-------+-------++-------
Melee: Unarmed           |    92 |   117 ||   209
       Punch             |     1 |       ||     1
Armor: Robe              |    27 |    48 ||    75
Dodge: Dodged            |    46 |    61 ||   107
